 Dungeon Crawl Stone Soup version 0.31-a0-700-gf13585253f (webtiles) character file.

Game seed: 12002919000515178361

246 qw the Shooter (level 6, -9/38 HPs)
             Began as a Gargoyle Hunter on Sept 7, 2023.
             Killed by divine providence
             ... invoked by an orc priest
              (13 damage)
             ... on level 4 of the Dungeon.
             The game lasted 00:01:04 (3058 turns).

qw the Shooter (Gargoyle Hunter)                    Turns: 3058, Time: 00:01:04

Health: -9/38      AC: 14    Str: 14    XL:     6   Next: 11%
Magic:  6/6        EV: 10    Int: 10    God:
Gold:   180        SH:  0    Dex: 15    Spells: 5/5 levels left

rFire   . . .        Y - +0 shortbow
rCold   . . .        (shield currently unavailable)
rNeg    + . .        b - +0 ring mail
rPois   inf          (no helmet)
rElec   +            j - +1 cloak
rCorr   +            (no gloves)
SInv    .            l - +2 pair of boots
Will    +....        (no amulet)
Stlth   +            m - ring of resist corrosion
HPRegen 0.26/turn    c - ring of willpower
MPRegen 0.10/turn

%: no passive effects
@: about to teleport
A: sickness immunity, AC +4, negative energy resistance 1, electricity
resistance, torment resistance 1, petrification resistance
a: no special abilities


You were on level 4 of the Dungeon.
You visited 1 branch of the dungeon, and saw 4 of its levels.

You collected 180 gold pieces.


Innate Abilities, Weirdness & Mutations

You are immune to sickness and miasma.
Your stone body is resilient. (AC +4)
You are immune to poison.
You resist negative energy. (rN+)
You are resistant to electric shocks. (rElec)
You are resistant to unholy torment.
You are immune to petrification.


   Skills:
 - Level 4.0 Fighting
 + Level 6.3 Ranged Weapons
 - Level 1.1 Armour
 - Level 1.5 Dodging
 - Level 1.1 Stealth


You had 5 spell levels left.
You didn't know any spells.
Your spell library was empty.

Inventory:

Hand Weapons
 Y - a +0 shortbow (weapon)
Armour
 b - a +0 ring mail (worn)
 j - a +1 cloak (worn)
 l - a +2 pair of boots (worn)
Jewellery
 c - a ring of willpower (right hand)
 g - a ring of resist corrosion
 m - a ring of resist corrosion (left hand)
Potions
 d - a potion of curing
 e - a potion of enlightenment {unknown}
 f - a potion of lignification {unknown}
 h - a potion of mutation {unknown}

Dungeon Overview and Level Annotations

Branches:
Dungeon (4/15)
 Temple: D:4-7

Altars:


Message History

There is a stone staircase leading up here.
An orc priest is nearby!
You shoot an arrow.
The arrow hits the orc priest but does no damage.
The orc priest closely misses you.
You shoot an arrow.
The arrow closely misses the orc priest.
The orc priest invokes the aid of Beogh against you.
Beogh smites you!
An orc comes into view. It is wielding a +0 falchion.
You shoot an arrow. The arrow barely misses the orc priest.
The orc shouts!
The orc priest mumbles some strange prayers to Beogh against you.
Beogh smites you!
You shoot an arrow.
The arrow closely misses the orc priest.
The orc priest hits you with a +0 short sword.
You shoot an arrow. The arrow hits the orc priest.
The orc priest is moderately wounded.
The orc closely misses you.
The orc priest hits you but does no damage. x2
The orc barely misses you.
You shoot an arrow. The arrow hits the orc priest.
The orc priest is heavily wounded.
The orc priest hits you but does no damage.
The orc hits you but does no damage.
You shoot an arrow.
The arrow closely misses the orc priest.
The orc priest mumbles some strange prayers to Beogh against you.
Pain shoots through your body! The orc barely misses you.
3057 ||| READING scroll of teleportation.
As you read the scroll of teleportation, it crumbles to dust.
You feel strangely unstable.
The orc priest mumbles some strange prayers to Beogh against you.
Pain shoots through your body! The orc barely misses you.
You shoot an arrow. The arrow hits the orc priest!
The orc priest is almost dead.
The orc priest invokes the aid of Beogh against you.
Beogh smites you!
You die...

.^............#.#
......#########.# .o....#
... ..#.# #(.##.##.# #.#.#
#........####.#.###
#..#..............#
#..#.o.######.#.#.#
#..#...#o.....#o#.#########
#..#.....#......@.........#
#.(#...#....)..o#<#######.#
#..#..)#....#.###.#.>...#.#
####.#.##.#.#.# #.#.....#.#
...#.##(#.#.# #.#.....#.#
#####.##.#.#.# #.#.....#.#
#.##.#.#.# #.#..##.#.# #.
#.#.#.# #.#.....#.# #.#.#.#
#.##.####.#


You could see an orc priest and an orc.

Vanquished Creatures
  An orc priest (D:4)
  An orc wizard (D:3)
  7 gnolls (D:3)
  5 adders
  2 worms (D:2)
  3 dart slugs
  4 orcs (D:3)
  4 ball pythons (D:2)
  A bat (D:1)
  5 endoplasms
  2 giant cockroaches
  9 goblins
  A hobgoblin (D:1)
  7 jackals
  5 kobolds
  3 quokkas
  4 frilled lizards (D:1)
  5 rats
69 creatures vanquished.

Notes
Turn   | Place    | Note
-------+----------+-------------------------------------------
     0 | D:1      | qw the Gargoyle Hunter began the quest for the Orb.
     0 | D:1      | Reached XP level 1. HP: 12/12 MP: 1/1
     0 | D:1      | 0 ||| qw: Version: 0.3-a-76-g4403597
     0 | D:1      | 0 ||| qw: Game counter: 727
     0 | D:1      | 0 ||| qw: Melee chars always use a shield: true
     0 | D:1      | 0 ||| qw: God list: Okawaru
     0 | D:1      | 0 ||| qw: Allow faded altars: false
     0 | D:1      | 0 ||| qw: Do Orc after clearing Dungeon:15 true
     0 | D:1      | 0 ||| qw: Do second Lair branch before Depths: true
     0 | D:1      | 0 ||| qw: Lair rune preference: random
     0 | D:1      | 0 ||| qw: Goals: Normal
     0 | D:1      | 0 ||| PLANNING D:1-11
   191 | D:1      | Reached XP level 2. HP: 17/17 MP: 2/2
   596 | D:1      | 596 ||| READING 2 scrolls labelled VIZIDEI CYWOLAR.
   601 | D:1      | 601 ||| DROPPING scroll of butterflies.
   653 | D:2      | Reached XP level 3. HP: 10/21 MP: 3/3
   654 | D:2      | Reached skill level 5 in Ranged Weapons
   971 | D:2      | Reached skill level 3 in Fighting
   971 | D:2      | Reached XP level 4. HP: 21/28 MP: 4/4
  1550 | D:2      | 1550 ||| UPGRADING to +0 ring mail.
  1560 | D:2      | 1560 ||| DROPPING +0 leather armour.
  1561 | D:2      | 1561 ||| UPGRADING to +1 cloak.
  1566 | D:2      | 1566 ||| UPGRADING to +2 pair of boots.
  1571 | D:2      | 1571 ||| UPGRADING to ring of resist corrosion.
  1572 | D:2      | 1572 ||| READING scroll labelled CUFOIS ZUQAGG.
  1573 | D:2      | 1573 ||| READING scroll labelled IHUEN UXOLEE.
  1574 | D:2      | 1574 ||| READING scroll labelled IVVOTOMNYUJOA.
  1575 | D:2      | 1575 ||| READING scroll labelled SUCIYL XALO RAC.
  1677 | D:3      | Identified the +2 hand axe "Yfoqo Hopp" {elec, rC+ rN+
                  | Str+3}
  1752 | D:3      | You fall into a shaft and drop 1 floor!
  1984 | D:4      | 1984 ||| UPGRADING to ring of willpower.
  2008 | D:3      | Reached skill level 1 in Armour
  2014 | D:3      | 2014 ||| Stepping ~*~*~tactically~*~*~ (retreating).
  2015 | D:3      | 2015 ||| Stepping ~*~*~tactically~*~*~ (retreating).
  2023 | D:3      | Reached XP level 5. HP: 32/32 MP: 5/5
  2293 | D:3      | 2293 ||| Stepping ~*~*~tactically~*~*~ (outnumbered).
  2295 | D:3      | 2295 ||| Stepping ~*~*~tactically~*~*~ (outnumbered).
  2297 | D:3      | 2297 ||| Stepping ~*~*~tactically~*~*~ (outnumbered).
  2308 | D:3      | Reached skill level 6 in Ranged Weapons
  2696 | D:3      | 2696 ||| READING scroll labelled KOVYXKIOHA.
  2796 | D:3      | 2796 ||| READING scroll labelled YJOBBASHAUWN.
  2797 | D:3      | 2797 ||| DRINKING 2 brown potions.
  2969 | D:4      | Reached XP level 6. HP: 22/38 MP: 6/6
  2969 | D:4      | 2969 ||| FLEEEEING.
  2970 | D:4      | 2970 ||| FLEEEEING.
  2971 | D:4      | 2971 ||| FLEEEEING.
  2972 | D:4      | 2972 ||| FLEEEEING.
  2973 | D:4      | 2973 ||| FLEEEEING.
  2974 | D:4      | 2974 ||| FLEEEEING.
  2975 | D:4      | 2975 ||| FLEEEEING.
  2976 | D:4      | 2976 ||| FLEEEEING.
  2977 | D:4      | 2977 ||| FLEEEEING.
  2980 | D:4      | 2980 ||| FLEEEEING.
  2981 | D:4      | 2981 ||| FLEEEEING.
  2982 | D:4      | 2982 ||| FLEEEEING.
  2983 | D:4      | 2983 ||| FLEEEEING.
  2984 | D:4      | 2984 ||| FLEEEEING.
  2985 | D:4      | 2985 ||| FLEEEEING.
  2986 | D:4      | 2986 ||| FLEEEEING.
  2987 | D:4      | 2987 ||| STAIRDANCE
  3029 | D:4      | 3029 ||| STAIRDANCE
  3039 | D:4      | 3039 ||| STAIRDANCE
  3056 | D:4      | HP: 9/38 [orc priest/nerve-wracking pain (3)]
  3057 | D:4      | 3057 ||| READING scroll of teleportation.
  3057 | D:4      | HP: 4/38 [orc priest/nerve-wracking pain (5)]
  3058 | D:4      | Killed from afar by an orc priest

Levels and vault maps discovered:
D:1:      dpeg_arrival_arbitrary_b, layout_loops_ring
D:2:      layout_loops_corners
D:3:      layout_basic, glass_columns_b, st_stairs_6, kennysheep_small_spiral
D:4:      layout_basic, tso_oasis_becter, ebering_ghost_disaster_area

Skill      XL: |  1  2  3  4  5 |
---------------+----------------+-----
Ranged Weapons | 5 6 |  6.3
Fighting       | 3 4 |  4.0
Armour         | 1 |  1.1
Dodging        | |  1.5
Stealth        | |  1.1

Action                     |  1- 3 |  4- 6 || total
---------------------------+-------+-------++-------
   Fire: Shortbow          |    87 |   140 ||   227
    Use: Scroll            |     1 |     7 ||     8
         Potion            |       |     1 ||     1
 Armour: Leather armour    |    22 |    11 ||    33
         Ring mail         |       |    47 ||    47
  Dodge: Dodged            |    26 |    33 ||    59

Table legend:
 A = Non-vault XP
 B = Vault XP
 C = Vault XP percentage of total XP
 D = Non-vault monster count
 E = Vault monster count
 F = Vault count percentage of total count
                 A         B        C        D         E       F
            +---------+---------+-------+---------+---------+-------
      Total |     338 |      14 |   4.0 |      68 |       1 |   1.4
            +---------+---------+-------+---------+---------+-------
        D:1 |      32 |       0 |   0.0 |      18 |       0 |   0.0
        D:2 |      81 |       0 |   0.0 |      21 |       0 |   0.0
        D:3 |     164 |      14 |   7.9 |      23 |       1 |   4.2
        D:4 |      61 |       0 |   0.0 |       6 |       0 |   0.0
            +---------+---------+-------+---------+---------+-------
